Map: Triton LE

Players

pHARM - Winner!

  • Race: Zerg Zerg
  • League: Platinum
  • Spawn Location: 5:00

Bubba

  • Race: Terran Terran
  • League: Platinum
  • Spawn Location: 11:00

VOD

Have the link to the VOD?

Description

Time

  • Played on: Sept. 16, 2019, 11:46 p.m.
  • Length: 8:09
Show
View Real Time Build Order
Export as new Build Order

pHARM Zerg - Winner!

Build Orders: Hatch First 

Get SALT Encoding   

  12  0:02  Drone  
  13  0:15  Overlord  
  13  0:21  Drone  
  14  0:34  Drone x2  
  16  0:53  Hatchery  
  15  0:57  Drone  
  15  0:58  Drone  
  15  1:01  Drone  
  18  1:16  Spawning Pool  
  18  1:17  Drone  
  18  1:26  Drone  
  19  1:33  Drone  
  19  1:39  Extractor  
  19  1:48  Drone  
  19  1:53  Overlord  
  20  2:07  Queen x2  
  24  2:10  Drone  
  24  2:12  Zergling x2  
  26  2:16  Zergling x2  
  26  2:18  Drone  
  28  2:25  Overlord  
  28  2:36  Overlord x2  
  28  2:38  Drone  
  31  2:54  Pneumatized Carapace  
  31  2:56  Drone x2  
  31  3:04  Drone x2  
  33  3:08  Drone  
  34  3:15  Metabolic Boost  
  34  3:17  Drone  
  34  3:18  Drone x3  
  37  3:26  Drone x5  
  41  3:57  Extractor x2  
  41  3:59  Queen  
  41  4:01  Baneling Nest  
  40  4:13  Lair, Hatchery  
  39  4:18  Drone x4  
  43  4:28  Drone  
  43  4:29  Drone x5  
  43  4:30  Drone  
  43  4:31  Drone  
  51  4:45  Evolution Chamber  
  50  4:49  Evolution Chamber  
  50  4:52  Zergling x2  
  50  4:53  Zergling x4  
  50  4:54  Overlord x5  
  52  5:09  Centrifical Hooks  
  52  5:12  Zerg Melee Weapons Level 1  
  52  5:14  Zerg Ground Armor Level 1  
  52  5:15  Zergling x8  
  52  5:16  Zergling x2  
  57  5:32  Zergling x14  
  64  5:43  Zergling x8  
  68  5:54  Baneling  
  66  6:24  Zergling x30  
  68  6:34  Drone x2  
  69  6:55  Queen x2  
  73  7:05  Baneling  
  73  7:06  Baneling x24  
  73  7:07  Zergling x2, Baneling x2  
  73  7:08  Zergling x16  
  82  7:10  Overlord x4  
  64  7:37  Drone x6  
  64  7:38  Drone x2  
  64  7:43  Drone  
  71  7:46  Drone  
Show
View Real Time Build Order
Export as new Build Order

Bubba Terran 

Build Orders:  

Get SALT Encoding   

  12  0:01  SCV  
  13  0:13  SCV  
  14  0:17  Supply Depot  
  14  0:25  SCV  
  15  0:39  SCV  
  15  0:40  Barracks  
  16  0:45  Refinery  
  16  0:51  SCV  
  17  1:03  SCV  
  18  1:15  SCV  
  19  1:27  Marine  
  19  1:28  Orbital Command  
  20  1:41  Command Center  
  20  1:45  Marine  
  21  1:51  Refinery  
  21  1:54  SCV  
  22  2:03  Supply Depot  
  22  2:06  SCV  
  23  2:13  Barracks Reactor  
  23  2:25  SCV  
  24  2:31  Factory  
  24  2:37  SCV  
  24  2:41  Bunker  
  25  2:49  SCV  
  25  2:50  Marine x2  
  28  2:54  Orbital Command  
  28  2:59  Supply Depot  
  28  3:12  SCV  
  29  3:13  Barracks  
  29  3:18  Starport  
  29  3:25  SCV x2  
  31  3:29  Factory Reactor  
  31  3:32  Marine  
  32  3:41  Supply Depot  
  32  3:43  SCV  
  32  3:44  SCV  
  32  3:46  Marine  
  35  3:50  Marine  
  35  3:55  SCV  
  37  4:02  Barracks Tech Lab  
  37  4:04  SCV  
  37  4:07  SCV  
  39  4:14  Marine x2  
  39  4:16  SCV  
  42  4:17  Factory Tech Lab  
  42  4:19  SCV, Medivac x2  
  47  4:28  SCV, Stimpack  
  49  4:31  SCV  
  49  4:34  Supply Depot  
  49  4:35  Marine  
  49  4:36  Marine x2  
  52  4:40  SCV  
  52  4:41  Engineering Bay  
  53  4:55  Command Center, Viking  
  53  4:57  Marine x3  
  53  4:58  SCV x2  
  60  5:01  Refinery  
  60  5:10  SCV  
  60  5:13  SCV  
  62  5:15  Marine  
  62  5:18  Terran Infantry Weapons Level 1  
  63  5:23  Marine x2, SCV  
  63  5:24  Siege Tank  
  69  5:33  Marine  
  70  5:50  Refinery  
  70  5:52  Supply Depot x2  
  70  5:55  Barracks  
  70  5:56  Barracks  
  70  6:00  Barracks  
  70  6:06  Marine x2  
  70  6:07  SCV  
  73  6:14  Marine  
  72  6:24  Marine  
  67  6:30  Siege Tank  
  67  6:31  Combat Shield  
  63  6:46  Barracks Reactor x2  
  62  6:50  Marine x3  
  66  6:56  SCV x2  
  66  6:58  Orbital Command  
  66  7:00  Barracks Tech Lab  
  67  7:04  Siege Tank  
  67  7:05  Medivac x2  
  74  7:19  Marine  
  74  7:20  Marine  
  76  7:26  Marine x2  
  76  7:27  Marine  
  79  7:35  Medivac  
  79  7:36  Siege Tank  
  57  7:46  Marine  
Tags
 
Matchup
TvZ
Replay Pack
10.7.19
Spawn Locations
Cross Positions
Add a new tag
Caveats
  • Supply blocks, unpowered buildings, or Contaminate may cause inaccurate times.
  • Supply counts are checked every 10 seconds.